 Dungeon Crawl Stone Soup version 0.28.0-47-ge53b351184 (webtiles) character file.

Game seed: 10233469786450333406

13971 CryoSword the Grappler (level 12, -3/63 HPs)
             Began as a Vine Stalker Transmuter on Apr 27, 2022.
             Was a Priest of Kikubaaqudgha.
             Shot with an arrow by a centaur (10 damage)
             ... on level 10 of the Dungeon.
             The game lasted 00:35:24 (11905 turns).

CryoSword the Grappler (Vine Stalker Transmuter)   Turns: 11905, Time: 00:35:25

Health: -3/63      AC:  7    Str: 18    XL:     12   Next: 11%
Magic:  0/22       EV: 12    Int: 13    God:    Kikubaaqudgha [***...]
Gold:   112        SH:  6    Dex: 21    Spells: 8/23 levels left

rFire   . . .      SeeInvis +     - Unarmed
rCold   . . .      Faith    +   L - +0 buckler
rNeg    . . .      Spirit   +   a - +0 robe
rPois   .          Reflect  .   (no helmet)
rElec   .          Harm     .   g - +2 cloak {Will+}
rCorr   .          Rampage  .   m - +0 pair of gloves
Will    ++...                   I - +0 pair of boots
Stlth   +++.......              x - amulet of faith {!P}
HPRegen 1.00/turn               C - ring of see invisible
MPRegen 0.18/turn               J - +6 ring of dexterity

@: no status effects
A: fangs 3, regeneration 1, magic shield, antimagic bite, no potion heal 2
a: Renounce Religion, Receive Corpses


You were on level 10 of the Dungeon.
You worshipped Kikubaaqudgha.
Kikubaaqudgha was most pleased with you.
You visited 2 branches of the dungeon, and saw 11 of its levels.

You collected 694 gold pieces.
You spent 582 gold pieces at shops.

Inventory:

Missiles
 l - 10 boomerangs
 N - 5 poisoned darts
 O - a curare-tipped dart
Armour
 a - a +0 robe (worn)
 g - a +2 cloak of willpower (worn)
   (You found it on level 1 of the Dungeon)
 m - a +0 pair of gloves (worn)
   (You found it on level 5 of the Dungeon)
 I - a +0 pair of boots (worn)
   (You bought it in a shop on level 9 of the Dungeon)
 L - a +0 buckler (worn)
   (You found it on level 9 of the Dungeon)
Jewellery
 e - a ring of resist corrosion
   (You found it on level 1 of the Dungeon)
 r - a ring of protection from cold
   (You found it on level 5 of the Dungeon)
 x - an amulet of faith (around neck) {!P}
   (You found it on level 6 of the Dungeon)
 C - a ring of see invisible (left hand)
   (You found it on level 7 of the Dungeon)
 J - a +6 ring of dexterity (right hand)
   (You found it on level 9 of the Dungeon)
Wands
 d - a wand of digging (6)
   (You found it on level 5 of the Dungeon)
 j - a wand of iceblast (1) (quivered)
   (You found it on level 8 of the Dungeon)
 q - a wand of flame (58)
   (You found it on level 5 of the Dungeon)
 w - a wand of mindburst (14)
   (You found it on level 6 of the Dungeon)
 y - a wand of paralysis (3)
   (You took it off Maurice on level 9 of the Dungeon)
 F - a wand of charming (8)
   (You took it off Joseph on level 7 of the Dungeon)
Scrolls
 b - 2 scrolls of teleportation {@r4}
 c - a scroll of fear
 o - a scroll of vulnerability {unknown}
 s - a scroll of fog
 t - 2 scrolls of silence
 u - a scroll of acquirement {unknown}
 v - a scroll of amnesia {unknown}
Potions
 f - 5 potions of curing {@q1}
 h - 3 potions of attraction {!q}
 i - 2 potions of might
 k - 2 potions of berserk rage
 n - a potion of lignification {!q}
 p - 2 potions of flight
 z - 2 potions of invisibility
 A - a potion of resistance {unknown}
 B - a potion of cancellation {unknown}
 D - 4 potions of mutation {!q}
 E - 2 potions of haste {@q3}
 G - a potion of magic {unknown}
 H - a potion of brilliance {unknown}
 M - a potion of ambrosia
Miscellaneous
 K - a tin of tremorstones (2/2)
   (You found it on level 9 of the Dungeon)


   Skills:
 + Level 7.6 Fighting
 - Level 1.5 Dodging
 - Level 5.0 Stealth
 * Level 3.9 Shields
 * Level 13.5 Unarmed Combat
 - Level 6.4 Spellcasting
 + Level 6.5 Necromancy
 - Level 4.0 Transmutations


You had 8 spell levels left.
You knew the following spells:

 Your Spells              Type           Power      Damage    Failure   Level
a - Beastly Appendage     Tmut           28%        N/A       4%          1
b - Wereblood             Tmut           14%        N/A       6%          2
c - Vampiric Draining     Necr           21%        2d7       4%          3
d - Dispel Undead         Necr           21%        3d11      14%         4
z - Animate Dead          Necr           10%        N/A       14%         4
Z - Animate Skeleton      Necr           42%        N/A       1%          1

Your spell library contained the following spells:

 Spells                   Type           Power      Damage    Failure   Level
 Pain                     Necr           84%        1d8       1%          1
 Freeze                   Ice            16%        1d4       21%         1
 Magic Dart               Conj           16%        1d3       21%         1
 Spider Form              Tmut/Pois      9%         N/A       26%         3
 Call Imp                 Summ           4%         N/A       30%         2
 Agony                    Necr           21%        N/A       36%         5
 Excruciating Wounds      Necr           10%        N/A       36%         5
 Anguish                  Hex/Necr       6%         N/A       47%         4
 Frozen Ramparts          Ice            8%         1d2       52%         3
 Mephitic Cloud           Conj/Pois/Air  4%         N/A       52%         3
 Ice Form                 Ice/Tmut       9%         N/A       65%         4
 Hailstorm                Conj/Ice       4%         3d4       90%         4
 Simulacrum               Ice/Necr       6%         N/A       100%        6


Dungeon Overview and Level Annotations

Branches:
Dungeon (10/15)            Temple (1/1) D:4            Lair (0/6) D:10
    Orc (0/2) D:10

Altars:
Cheibriados
Elyvilon
Gozag
Hepliaklqana
Kikubaaqudgha
Makhleb
Nemelex Xobeh
Ru
Uskayaw
Vehumet
Xom
Yredelemnul
Zin
The Shining One
Beogh

Shops:
D:2 !   D:3 :   D:6 :   D:9 [

Annotations:
D:3 3 runed translucent doors, Crazy Yiuf; dandone's ghost, amateur DrFi
D:7 Harold; Maggie


Innate Abilities, Weirdness & Mutations

You have razor-sharp teeth.
Your natural rate of healing is unusually fast.
When hurt, damage is shared between your health and your magic reserves.
Your bite disrupts and absorbs the magic of your enemies.
Potions cannot restore your health.


Message History

You feel invigorated.
The unseen horror hits you but does no damage.
The unseen horror hits you but does no damage.
Here: a yak zombie (friendly)
The floor.
The unseen horror misses you.
You punch the unseen horror! You bite the unseen horror.
You kill the unseen horror!
Kikubaaqudgha accepts your kill.
No target in view!
Your magical contamination has completely faded away.
Found 16 gold pieces.
Found a stone staircase leading up. 2 kobolds come into view.
A kobold is wielding a +0 dagger and quivering poisoned darts.
Found a scroll of identify and 12 stones.
The kobold shouts! x2; You hear a shout!
The kobold throws a poisoned dart.
The poisoned dart hits you.
You are poisoned.
The kobold brigand shouts!
A kobold comes into view.
It is wielding a +1 short sword of protection.
You feel sick.
An acid dragon comes into view.
You feel sick. The kobold completely misses you.
You pummel the kobold!!
You kill the kobold!
Kikubaaqudgha accepts your kill.
You hit the kobold brigand. You bite the kobold brigand. You drain its power.
You feel invigorated.
You feel sick. The kobold closely misses you.
You punch the kobold brigand! You bite the kobold brigand.
You kill the kobold brigand!
Kikubaaqudgha accepts your kill.
You feel sick. The kobold completely misses you.
You barely miss the kobold. You bite the kobold.
You kill the kobold!
Kikubaaqudgha accepts your kill.
You feel sick.
You are no longer poisoned.
You block the kobold's attack.
Your yak zombie gores the kobold.
You hit the kobold.
You kill the kobold!
Kikubaaqudgha accepts your kill. You block the kobold's attack.
You hit the acid dragon but do no damage.
The kobold closely misses you. The acid dragon misses you.
The acid dragon closely misses you.
Your yak zombie closely misses the kobold.
You punch the acid dragon! Your bite misses the acid dragon.
The kobold misses you. The acid dragon bites you!
The acid dragon barely misses you.
You punch the acid dragon!
You kill the acid dragon!
Kikubaaqudgha accepts your kill.
Your yak zombie gores the kobold!
The kobold dies!
Kikubaaqudgha accepts your kill.
Unknown command.
Your yak zombie crumbles into dust!
N - 5 poisoned darts
Items here: )) ††.
You swap places.
Your yak zombie crumbles into dust!
Things that are here:
a +1 short sword of protection; a kobold corpse You swap places.
O - a curare-tipped dart
Things that are here:
a +0 dagger; a kobold corpse You see here 12 stones.
You call on the dead to rise...
The dead are walking!
You swap places.
The orc shouts!
You hear a shout!
The orc shouts!
You hear a shout! x2
An orc priest comes into view. It is wielding a +0 flail.
You hear a shout! x2
Found a roughly hewn altar of Beogh.
The orc shouts!
You hear a shout!
An orc opens the door.
An orc priest comes into view. It is wielding a +0 club.
You hear a shout! x3 2 orcs come into view.
The orc warrior suddenly jeers, as Orcs often do.
The orc priest calls down the wrath of Beogh upon the orc warrior.
Beogh smites you!
You hear a shout!
The orc shouts!
You hear a shout! x2
Found a staircase to the Orcish Mines.
The orc priest shouts!
You block the orc warrior's attack.
The orc priest calls down the wrath of Beogh upon the orc warrior.
Beogh smites you!
You hear a shout!
You closely miss the orc warrior.
The orc warrior hits you but does no damage.
The orc priest mumbles some strange prayers to Beogh against something.
Beogh smites you!
* * * LOW HITPOINT WARNING * * *
An orc comes into view. It is wielding a +0 hand axe.
An orc comes into view. It is wielding a +0 club.
The orc moves out of view.
Your kobold zombie closely misses the orc.
An orc opens the door.
You barely miss the orc.
Your yak zombie gores the orc!
The orc dies!
Kikubaaqudgha accepts your kill.
Your kobold zombie barely misses the orc warrior.
The orc warrior hits your kobold zombie with a +0 war axe of freezing!
Your kobold zombie is destroyed!
The orc warrior hits your yak zombie with a +0 war axe of freezing!
The orc warrior closely misses your kobold zombie.
The centaur hits your yak zombie. The centaur kicks your yak zombie.
Your yak zombie gores the centaur!
Your kobold zombie hits the orc warrior but does no damage.
The centaur hits your yak zombie but does no damage.
The centaur kicks your yak zombie.
The orc warrior hits your kobold zombie with a +0 war axe of freezing!
Your kobold zombie is destroyed!
The orc warrior closely misses your kobold zombie.
The orc warrior hits your yak zombie with a +0 war axe of freezing!
Your yak zombie barely misses the centaur.
The centaur wields a +0 shortbow.
The centaur shoots an arrow.
The arrow hits your yak zombie!
Your yak zombie is destroyed!
The orc warrior hits your kobold brigand zombie with a +0 war axe of freezing!
The orc warrior hits your kobold zombie with a +0 war axe of freezing!
Your kobold zombie is destroyed!
Your kobold brigand zombie barely misses the orc warrior.
The centaur shoots an arrow.
The arrow barely misses your kobold brigand zombie.
The arrow hits you!
* * * LOW HITPOINT WARNING * * *
You hear a shout!
The orc warrior hits your kobold brigand zombie with a +0 war axe of freezing!
Your kobold brigand zombie is destroyed!
The centaur shoots an arrow.
The arrow misses you.
The centaur shoots an arrow.
The arrow hits your kobold zombie!
Your kobold zombie is destroyed!
You hear a shout!
The orc priest miscasts a cantrip.
The centaur shoots an arrow.
The arrow hits you.
* * * LOW HITPOINT WARNING * * *
The centaur shoots an arrow.
The arrow hits you!
* * * LOW HITPOINT WARNING * * *
The centaur shoots an arrow.
The arrow closely misses you.
The centaur shoots an arrow.
The arrow hits you!
* * * LOW HITPOINT WARNING * * *
The centaur shoots an arrow.
The arrow hits you!
* * * LOW HITPOINT WARNING * * *
The centaur shoots an arrow.
The arrow closely misses you.
The centaur shoots an arrow.
The arrow hits you!
You die...
Kikubaaqudgha rasps: "You have failed me!
Welcome... death!"

#.............#
..8.#..#######.............####
..'............................
.8...................[........
#............................ .
#............................ ._
#............................ ...
#........o?...$..............
..oo#.#..oo.oo..@................
.⌠c.8.#).........................
..o.o..)o........................
..oo8..).c.......................
....#......o..(..(............###
#####............##########...#
#...............# #...#
##...............# ########...#
.............)................###


You could see 3 orc warriors, a centaur, an orc priest and 2 orcs.

Vanquished Creatures
  Erica (D:9)
  2 two-headed ogres
  4 death yaks (D:9)
  A wizard (D:10)
  Pikel (D:7)
  Joseph (D:7)
  Maurice (D:9)
  A centaur zombie (D:10)
  An unseen horror (D:10)
  17 yaks
  4 vampire mosquitoes (D:10)
  An acid dragon (D:10)
  Duvessa (D:7)
  A sky beast (D:7)
  4 water moccasins
  2 orc warriors
  An ice beast (D:6)
  4 ogres
  2 centaurs
  A lemure (D:7)
  A bullfrog (D:4)
  A kobold brigand (D:10)
  2 scorpions
  Dowan (D:7)
  6 killer bees (D:9)
  13 wights
  2 howler monkeys (D:9)
  A bullfrog zombie (D:5)
  3 hounds
  A jelly (D:6)
  3 bullfrog skeletons
  3 orc priests (D:8)
  A centaur skeleton (D:5)
  14 orc wizards
  Ijyb (D:4)
  2 iguanas
  Natasha (thrice) (D:4)
  A hound zombie (D:5)
  A hound skeleton (D:5)
  2 howler monkey zombies
  12 adders
  A shadow imp (D:6)
  2 dart slugs
  31 orcs
  4 endoplasms
  3 giant cockroaches
  11 goblins
  8 hobgoblins
  2 jackals (D:4)
  5 quokkas
  7 ball pythons
  5 bats
  8 kobolds
  10 rats
222 creatures vanquished.

Vanquished Creatures (collateral kills)
  2 death yaks (D:9)
  An orc (D:10)
  A kobold (D:10)
4 creatures vanquished.

Grand Total: 226 creatures vanquished

Notes
Turn   | Place    | Note
-------+----------+-------------------------------------------
     0 | D:1      | CryoSword the Vine Stalker Transmuter began the quest for
                  | the Orb.
     0 | D:1      | Reached XP level 1. HP: 9/9 MP: 4/4
   481 | D:1      | Reached XP level 2. HP: 11/14 MP: 4/6
  1073 | D:1      | Learned a level 2 spell: Wereblood
  1075 | D:1      | Learned a level 1 spell: Animate Skeleton
  1183 | D:1      | Reached skill level 4 in Unarmed Combat
  1350 | D:1      | Reached XP level 3. HP: 17/17 MP: 7/7
  1736 | D:2      | Gained mutation: Your natural rate of healing is unusually
                  | fast. [Vine Stalker growth]
  1736 | D:2      | Reached XP level 4. HP: 11/21 MP: 8/8
  1767 | D:2      | Found Jukhluexa's Distillery.
  1776 | D:2      | Bought a potion of attraction for 39 gold pieces
  1785 | D:2      | Found a hide-covered altar of Uskayaw.
  2018 | D:2      | Reached skill level 5 in Unarmed Combat
  2135 | D:2      | Bought a potion of curing for 39 gold pieces
  2335 | D:3      | Found a runed translucent door.
  2336 | D:3      | Noticed Crazy Yiuf
  2404 | D:3      | Found a faded altar of an unknown god.
  2523 | D:3      | Reached XP level 5. HP: 25/25 MP: 7/9
  2540 | D:3      | Found Cosipn Asalu's Book Boutique.
  2551 | D:3      | Found a runed translucent door.
  2552 | D:3      | Noticed dandone's ghost (amateur DrFi)
  2953 | D:3      | Found a runed translucent door.
  3363 | D:4      | Found a staircase to the Ecumenical Temple.
  3386 | Temple   | Entered the Ecumenical Temple
  3502 | Temple   | Became a worshipper of Kikubaaqudgha
  3551 | D:4      | Learned a level 3 spell: Vampiric Draining
  3555 | D:4      | Reached skill level 6 in Unarmed Combat
  3597 | D:4      | Reached XP level 6. HP: 23/29 MP: 8/10
  3808 | D:2      | Bought a potion of flight for 39 gold pieces
  3841 | D:4      | Noticed Ijyb
  4178 | D:4      | Noticed Natasha
  4194 | D:4      | Reached skill level 1 in Necromancy
  4196 | D:4      | Killed Natasha
  4402 | D:4      | Killed Ijyb
  4460 | D:4      | Reached XP level 7. HP: 32/32 MP: 9/11
  4755 | D:5      | Entered Level 5 of the Dungeon
  4823 | D:5      | HP: 1/32 [centaur/arrow (3)]
  4920 | D:5      | Reached skill level 7 in Unarmed Combat
  5032 | D:4      | Noticed Natasha
  5040 | D:4      | Killed Natasha
  5071 | D:4      | Found a staircase to the Ecumenical Temple.
  5132 | D:4      | Noticed Natasha
  5138 | D:4      | Killed Natasha
  5139 | D:4      | Reached skill level 1 in Fighting
  5163 | D:5      | Reached skill level 1 in Stealth
  5166 | D:5      | Reached * piety under Kikubaaqudgha
  5166 | D:5      | Received a gift from Kikubaaqudgha
  5245 | D:5      | Gained mutation: You have razor-sharp teeth. [Vine Stalker
                  | growth]
  5245 | D:5      | Reached XP level 8. HP: 37/37 MP: 11/13
  5524 | D:5      | Reached skill level 8 in Unarmed Combat
  5974 | D:6      | Reached XP level 9. HP: 40/44 MP: 11/16
  6193 | D:6      | Found Hytuuw's Book Emporium.
  6381 | D:7      | Noticed a two-headed ogre
  6434 | D:7      | Noticed Joseph
  6539 | D:7      | Noticed Harold
  6639 | D:7      | Reached ** piety under Kikubaaqudgha
  6662 | D:7      | Noticed Duvessa
  6662 | D:7      | Noticed Dowan
  6709 | D:7      | Killed Duvessa
  6710 | D:7      | Reached skill level 9 in Unarmed Combat
  6714 | D:7      | Killed Dowan
  6773 | D:7      | Reached skill level 5 in Stealth
  6803 | D:7      | Noticed Pikel
  6898 | D:7      | Killed Pikel
  6899 | D:7      | Reached skill level 5 in Spellcasting
  7181 | D:7      | Killed a two-headed ogre
  7182 | D:7      | Reached skill level 10 in Unarmed Combat
  7182 | D:7      | Reached XP level 10. HP: 34/51 MP: 11/19
  7350 | D:7      | Noticed Maggie
  7556 | D:7      | Killed Joseph
  7557 | D:7      | Reached skill level 5 in Fighting
  8085 | D:8      | Reached skill level 11 in Unarmed Combat
  8691 | D:9      | Reached *** piety under Kikubaaqudgha
  8691 | D:9      | Received a gift from Kikubaaqudgha
  8755 | D:9      | Learned a level 4 spell: Animate Dead
  8760 | D:9      | Learned a level 4 spell: Dispel Undead
  8934 | D:9      | Noticed a two-headed ogre
  8944 | D:9      | Killed a two-headed ogre
  8967 | D:9      | Noticed Maurice
  8988 | D:9      | Killed Maurice
  8989 | D:9      | Reached skill level 12 in Unarmed Combat
  8989 | D:9      | Reached XP level 11. HP: 50/56 MP: 16/21
  9135 | D:9      | Found Lenlexan's Armour Shoppe.
  9144 | D:9      | Bought a +0 pair of boots for 49 gold pieces
  9295 | D:9      | Noticed Erica
  9306 | D:9      | Killed Erica
  9307 | D:9      | Reached skill level 5 in Necromancy
  9440 | D:10     | Entered Level 10 of the Dungeon
  9564 | D:10     | Noticed a wizard
  9612 | D:10     | Killed a wizard
  9689 | D:10     | Noticed a death yak
  9691 | D:10     | Noticed a death yak
  9692 | D:10     | Found a staircase to the Lair.
  9694 | D:10     | Noticed a death yak
  9694 | D:10     | Noticed a death yak
  9876 | D:9      | Killed a death yak
 10026 | D:10     | Noticed a death yak
 10029 | D:10     | Noticed a death yak
 10185 | D:9      | Killed a death yak
 10186 | D:9      | Reached skill level 1 in Shields
 10494 | D:2      | Bought a potion of invisibility for 104 gold pieces
 10494 | D:2      | Bought a potion of ambrosia for 104 gold pieces
 10494 | D:2      | Bought a potion of haste for 130 gold pieces
 10494 | D:2      | Bought a potion of curing for 39 gold pieces
 10494 | D:2      | Bought a potion of curing for 39 gold pieces
 10726 | D:9      | Killed a death yak
 10727 | D:9      | Reached skill level 13 in Unarmed Combat
 10828 | D:9      | Killed a death yak
 10989 | D:9      | Found Lenlexan's Armour Shoppe.
 11304 | D:9      | Killed a death yak
 11450 | D:9      | Killed a death yak
 11786 | D:10     | Reached XP level 12. HP: 63/63 MP: 20/22
 11890 | D:10     | Found a staircase to the Orcish Mines.
 11905 | D:10     | Shot with an arrow by a centaur

Illustrated notes

Levels and vault maps discovered:
D:1:      lightli_arrival_lavapool, layout_basic, st_stairs_7,
          serial_bayou_crossing
D:2:      layout_rooms, basic_altar, serial_shops, nicolae_lakefront_shop
D:3:      layout_loops_ring, serial_shops, shop_fountains,
          hellmonk_ecumenical_altar_heavens_door, ebering_ghost_sewer_f,
          uniq_crazy_yiuf_cottage
D:4:      nicolae_cairo_tiling_very_big, layout_cave_pods,
          minmay_temple_entry_stoned_glass, uniq_natasha, uniq_ijyb
D:5:      layout_cave_pools, item_on_display_a
D:6:      layout_rooms, serial_shops, nicolae_shop_advertising_works
          [nicolae_subvault_shop_adworks], minivault_11
D:7:      layout_loops_cross, uniq_pikel, uniq_maggie, uniq_harold,
          uniq_duvessa, uniq_joseph
D:8:      layout_loops_cross
D:9:      layout_small_grid, serial_shops, shop, uniq_maurice, uniq_erica
D:10:     layout_long_grid, kennysheep_okawaru_gauntlet, dpeg_lair_monsters,
          david_orc_5, minmay_misc_feat_pillars
Temple:   mainiacjoe_temple_circle_huts

Skill      XL: |  1  2  3  4  5  6  7  8  9 10 11 |
---------------+----------------------------------+-----
Unarmed Combat | 4 5 6 7 8 10 12 13 | 13.5
Transmutations | 3 4 |  4.0
Necromancy     | 1 2 3 4 6 |  6.5
Fighting       | 1 3 4 6 7 |  7.6
Stealth        | 1 4 5 |  5.0
Spellcasting   | 4 5 6 |  6.4
Shields        | 3 |  3.9
Dodging        | |  1.5

Action                   |  1- 3 |  4- 6 |  7- 9 | 10-12 || total
-------------------------+-------+-------+-------+-------++-------
Melee: Unarmed           |    92 |   173 |   213 |   322 ||   800
       Bite              |    13 |    34 |    72 |   124 ||   243
       Kick              |     3 |    28 |    45 |    56 ||   132
       Punch             |     1 |     5 |    16 |    16 ||    38
       Headbutt          |       |    15 |    38 |    42 ||    95
Throw: Boomerang         |       |       |     3 |       ||     3
 Cast: Beastly Appendage |     6 |    24 |    33 |    21 ||    84
       Wereblood         |       |       |       |     3 ||     3
       Animate Dead      |       |       |       |     9 ||     9
Invok: Receive Corpses   |       |       |       |    11 ||    11
Evoke: Wand              |       |       |     4 |     7 ||    11
  Use: Scroll            |       |     3 |     6 |     5 ||    14
 Stab: Sleeping          |     3 |     1 |     1 |     5 ||    10
       Distracted        |     1 |       |       |     3 ||     4
Armor: Robe              |    18 |    52 |    58 |    52 ||   180
Dodge: Dodged            |    77 |    82 |   108 |   135 ||   402
Block: Buckler           |       |       |       |    20 ||    20
